Workbook

Sheet ORCAMENTO
A2: Obra | C2: Bancos | D2: B.D.I. | E2: Encargos Sociais
A3: AMPLIAÇÃO DA EMEIF "NOSSA SENHORA DE LOURDES" | C3: SINAPI - 02/2023 - Pará | D3: =BDI!K37/100 -> 0.2882 | E3: Desonerado: 0,00%
A4: Planilha Orçamentária Resumida - Aditivo de Serviços
A5: Item | B5: Descrição | E5: Total | F5: Peso (%)
A6: 1 | B6: SERVIÇOS PRELIMINARES | E6: =ORCDET!I6 -> 20901.48 | F6: =ORCDET!J6 -> 0.1125464
A7: 2 | B7: FUNDAÇÕES | E7: =ORCDET!I9 -> 58104.97 | F7: =ORCDET!J9 -> 0.31287284
A8: 3 | B8: ESTRUTURA | E8: =ORCDET!I12 -> 18654.74 | F8: =ORCDET!J12 -> 0.10044858
A9: 4 | B9: PAREDES | E9: =ORCDET!I15 -> 6798.41 | F9: =ORCDET!J15 -> 0.036606814
A10: 5 | B10: COBERTURA | E10: =ORCDET!I18 -> 12788.84 | F10: =ORCDET!J18 -> 0.068862968
A11: 6 | B11: ESQUADRIAS | E11: =ORCDET!I23 -> 1231.64 | F11: =ORCDET!J23 -> 0.0066319061
A12: 7 | B12: INSTALAÇÕES ELÉTRICAS | E12: =ORCDET!I26 -> 5699 | F12: =ORCDET!J26 -> 0.030686916
A13: 8 | B13: REVESTIMENTO PAREDE/TETO | E13: =ORCDET!I33 -> 6303.7 | F13: =ORCDET!J33 -> 0.033942992
A14: 9 | B14: PISO | E14: =ORCDET!I36 -> 11072.4 | F14: =ORCDET!J36 -> 0.059620601
A15: 10 | B15: PINTURA | E15: =ORCDET!I40 -> 44159.15 | F15: =ORCDET!J40 -> 0.23777998
B17: ANANINDEUA(PA), 15 DE MAIO DE 2025 | D17: Total sem BDI | E17: =ORCDET!H48 -> 144173.24 | H17: 1042417.5
D18: Total do BDI | E18: =E19-E17 -> 41541.09 | H18: 300348.37
D19: Total Geral | E19: =SUM(E6:E15) -> 185714.33 | H19: 1342765.9 | I19: =SUM(F6:F15) -> 1
B21: RIOL - Serviços de Construções LTDA. | H21: =SUM(E6:E15) -> 185714.33
B22: CNPJ: 09.335.585/0001-75
E27: Percentual | F27: 0.57
E28: Indice | F28: =(100-F27)/100 -> 0.9943

Sheet ORCDET
A2: Obra | E2: Bancos | G2: B.D.I. | I2: Encargos Sociais
A3: =ORCAMENTO!A3 -> AMPLIAÇÃO DA EMEIF "NOSSA SENHORA DE LOURDES" | E3: =ORCAMENTO!C3 -> SINAPI - 02/2023 - Pará | G3: =ORCAMENTO!D3 -> 0.2882 | I3: =ORCAMENTO!E3 -> Desonerado: 0,00%
A4: Orçamento Sintético - Aditivo de Serviços
A5: Item | B5: Código | C5: Banco | D5: Descrição | E5: Und | F5: Quant. | G5: Valor Unit | H5: Valor Unit com BDI | I5: Total | J5: Peso (%)
A6: 1 | D6: SERVIÇOS PRELIMINARES | I6: =SUM(I7:I8) -> 20901.48 | J6: =I6 / H50 -> 0.1125464 | K6: =TRUNC(F6*G6,2) -> 0
A7: 1.4 | B7: 00000001 | C7: Próprio | D7: ADMINISTRAÇÃO LOCAL | E7: MÊS | F7: 1 | G7: =CPU!J73 -> 8783.24 | H7: =TRUNC(G7 * (1 + 28.82 / 100), 2) -> 11314.56 | I7: =TRUNC(F7 * H7, 2) -> 11314.56 | J7: =I7 / H50 -> 0.060924539 | K7: =TRUNC(F7*G7,2) -> 8783.24
A8: 1.5 | B8: 00000144 | C8: Próprio | D8: Mobilização e Desmobilização de pessoal e equipamentos | E8: UN | F8: 0.166 | G8: =CPU!J79 -> 44832 | H8: =TRUNC(G8 * (1 + 28.82 / 100), 2) -> 57752.58 | I8: =TRUNC(F8 * H8, 2) -> 9586.92 | J8: =I8 / H50 -> 0.051621865 | K8: =TRUNC(F8*G8,2) -> 7442.11
A9: 2 | D9: FUNDAÇÕES | I9: =SUM(I10:I11) -> 58104.97 | J9: =I9 / H50 -> 0.31287284 | K9: =TRUNC(F9*G9,2) -> 0
A10: 2.1 | B10: 100899 | C10: SINAPI | D10: ESTACA ESCAVADA MECANICAMENTE, SEM FLUIDO ESTABILIZANTE, COM 25CM DE DIÂMETRO, CONCRETO LANÇADO MANUALMENTE (EXCLUSIVE MOBILIZAÇÃO E DESMOBILIZAÇÃO). AF_01/2020 | E10: M | F10: 72 | G10: =CPU!J95 -> 91.34 | H10: =TRUNC(G10 * (1 + 28.82 / 100), 2) -> 117.66 | I10: =TRUNC(F10 * H10, 2) -> 8471.52 | J10: =I10 / H50 -> 0.045615866 | K10: =TRUNC(F10*G10,2) -> 6576.48
A11: 2.2 | B11: 95955 | C11: SINAPI | D11: (COMPOSIÇÃO REPRESENTATIVA) EXECUÇÃO DE ESTRUTURAS DE CONCRETO ARMADO, PARA EDIFICAÇÃO HABITACIONAL UNIFAMILIAR TÉRREA (CASA ISOLADA), FCK = 25 MPA. AF_01/2017 | E11: m³ | F11: 11.12 | G11: =CPU!J107 -> 3464.87 | H11: =TRUNC(G11 * (1 + 28.82 / 100), 2) -> 4463.44 | I11: =TRUNC(F11 * H11, 2) -> 49633.45 | J11: =I11 / H50 -> 0.26725697 | K11: =TRUNC(F11*G11,2) -> 38529.35
A12: 3 | D12: ESTRUTURA | I12: =SUM(I13:I14) -> 18654.74 | J12: =I12 / H50 -> 0.10044858 | K12: =TRUNC(F12*G12,2) -> 0
A13: 3.1 | B13: 95955 | C13: SINAPI | D13: (COMPOSIÇÃO REPRESENTATIVA) EXECUÇÃO DE ESTRUTURAS DE CONCRETO ARMADO, PARA EDIFICAÇÃO HABITACIONAL UNIFAMILIAR TÉRREA (CASA ISOLADA), FCK = 25 MPA. AF_01/2017 | E13: m³ | F13: =0.71+0.3*0.15*4*3+44.4*0.15*0.3 -> 3.248 | G13: =CPU!J130 -> 3464.87 | H13: =TRUNC(G13 * (1 + 28.82 / 100), 2) -> 4463.44 | I13: =TRUNC(F13 * H13, 2) -> 14497.25 | J13: =I13 / H50 -> 0.078062097 | K13: =TRUNC(F13*G13,2) -> 11253.89
A14: 3.2 | B14: 101963 | C14: SINAPI | D14: LAJE PRÉ-MOLDADA UNIDIRECIONAL, BIAPOIADA, PARA PISO, ENCHIMENTO EM CERÂMICA, VIGOTA CONVENCIONAL, ALTURA TOTAL DA LAJE (ENCHIMENTO+CAPA) = (8+4). AF_11/2020 | E14: m² | F14: 16.8 | G14: =CPU!J153 -> 192.11 | H14: =TRUNC(G14 * (1 + 28.82 / 100), 2) -> 247.47 | I14: =TRUNC(F14 * H14, 2) -> 4157.49 | J14: =I14 / H50 -> 0.022386479 | K14: =TRUNC(F14*G14,2) -> 3227.44
A15: 4 | D15: PAREDES | I15: =SUM(I16:I17) -> 6798.41 | J15: =I15 / H50 -> 0.036606814 | K15: =TRUNC(F15*G15,2) -> 0
A16: 4.1 | B16: 87505 | C16: SINAPI | D16: ALVENARIA DE VEDAÇÃO DE BLOCOS CERÂMICOS FURADOS NA HORIZONTAL DE 11,5X19X19CM (ESPESSURA 11,5M) DE PAREDES COM ÁREA LÍQUIDA MAIOR OU IGUAL A 6M² SEM VÃOS E ARGAMASSA DE ASSENTAMENTO COM PREPARO EM BETONEIRA. AF_06/2014 | E16: m² | F16: 65 | G16: =CPU!J177 -> 79.5 | H16: =TRUNC(G16 * (1 + 28.82 / 100), 2) -> 102.41 | I16: =TRUNC(F16 * H16, 2) -> 6656.65 | J16: =I16 / H50 -> 0.035843491 | K16: =TRUNC(F16*G16,2) -> 5167.5
A17: 4.2 | B17: 93186 | C17: SINAPI | D17: VERGA/ONTRAVERGA MOLDADA IN LOCO EM CONCRETO PARA JANELAS COM ATÉ 1,5 M DE VÃO. AF_03/2016 | E17: M | F17: 1.2 | G17: =CPU!J187 -> 91.71 | H17: =TRUNC(G17 * (1 + 28.82 / 100), 2) -> 118.14 | I17: =TRUNC(F17 * H17, 2) -> 141.76 | J17: =I17 / H50 -> 0.00076332289 | K17: =TRUNC(F17*G17,2) -> 110.05
A18: 5 | D18: COBERTURA | I18: =SUM(I19:I22) -> 12788.84 | J18: =I18 / H50 -> 0.068862968 | K18: =TRUNC(F18*G18,2) -> 0
A19: 5.1 | B19: 92541 | C19: SINAPI | D19: TRAMA DE MADEIRA COMPOSTA POR RIPAS, CAIBROS E TERÇAS PARA TELHADOS DE ATÉ 2 ÁGUAS PARA TELHA CERÂMICA CAPA-CANAL, INCLUSO TRANSPORTE VERTICAL. AF_07/2019 | E19: m² | F19: =52.86+19.32 -> 72.18 | G19: =CPU!J226 -> 77.39 | H19: =TRUNC(G19 * (1 + 28.82 / 100), 2) -> 99.69 | I19: =TRUNC(F19 * H19, 2) -> 7195.62 | J19: =I19 / H50 -> 0.038745637 | K19: =TRUNC(F19*G19,2) -> 5586.01
A20: 5.2 | B20: 94446 | C20: SINAPI | D20: TELHAMENTO COM TELHA CERÂMICA CAPA-CANAL, TIPO PLAN, COM MAIS DE 2 ÁGUAS, INCLUSO TRANSPORTE VERTICAL. AF_07/2019 | E20: m² | F20: 72.18 | G20: =CPU!J240 -> 50.58 | H20: =TRUNC(G20 * (1 + 28.82 / 100), 2) -> 65.15 | I20: =TRUNC(F20 * H20, 2) -> 4702.52 | J20: =I20 / H50 -> 0.025321256 | K20: =TRUNC(F20*G20,2) -> 3650.86
A21: 5.3 | B21: 94219 | C21: SINAPI | D21: CUMEEIRA E ESPIGÃO PARA TELHA CERÂMICA EMBOÇADA COM ARGAMASSA TRAÇO 1:2:9 (CIMENTO, CAL E AREIA), PARA TELHADOS COM MAIS DE 2 ÁGUAS, INCLUSO TRANSPORTE VERTICAL. AF_07/2019 | E21: M | F21: 6 | G21: =CPU!J249 -> 31.93 | H21: =TRUNC(G21 * (1 + 28.82 / 100), 2) -> 41.13 | I21: =TRUNC(F21 * H21, 2) -> 246.78 | J21: =I21 / H50 -> 0.0013288151 | K21: =TRUNC(F21*G21,2) -> 191.58
A22: 5.4 | B22: 84093 | C22: SINAPI | D22: TABEIRA DE MADEIRA LEI, 1A QUALIDADE, 2,5X30,0CM PARA BEIRAL DE TELHADO | E22: M | F22: 12 | G22: =CPU!J259 -> 41.66 | H22: =TRUNC(G22 * (1 + 28.82 / 100), 2) -> 53.66 | I22: =TRUNC(F22 * H22, 2) -> 643.92 | J22: =I22 / H50 -> 0.0034672607 | K22: =TRUNC(F22*G22,2) -> 499.92
A23: 6 | D23: ESQUADRIAS | I23: =I24 -> 1231.64 | J23: =I23 / H50 -> 0.0066319061 | K23: =TRUNC(F23*G23,2) -> 0
A24: 6.1 | D24: MADEIRA | I24: =SUM(I25:I25) -> 1231.64 | J24: =I24 / H50 -> 0.0066319061 | K24: =TRUNC(F24*G24,2) -> 0
A25: 6.1.1 | B25: 100689 | C25: SINAPI | D25: KIT DE PORTA DE MADEIRA FRISADA, SEMI-OCA (LEVE OU MÉDIA), PADRÃO MÉDIO, 80X210CM, ESPESSURA DE 3,5CM, ITENS INCLUSOS: DOBRADIÇAS, MONTAGEM E INSTALAÇÃO DE BATENTE, FECHADURA COM EXECUÇÃO DO FURO - FORNECIMENTO E INSTALAÇÃO. AF_12/2019 | E25: UN | F25: 1 | G25: =CPU!J275 -> 956.1 | H25: =TRUNC(G25 * (1 + 28.82 / 100), 2) -> 1231.64 | I25: =TRUNC(F25 * H25, 2) -> 1231.64 | J25: =I25 / H50 -> 0.0066319061 | K25: =TRUNC(F25*G25,2) -> 956.1
A26: 7 | D26: INSTALAÇÕES ELÉTRICAS | I26: =I27+I29 -> 5699 | J26: =I26 / H50 -> 0.030686916 | K26: =TRUNC(F26*G26,2) -> 0
A27: 7.1 | D27: CABOS E FIOS | I27: =SUM(I28:I28) -> 1628 | J27: =I27 / H50 -> 0.0087661518 | K27: =TRUNC(F27*G27,2) -> 0
A28: 7.1.1 | B28: 91928 | C28: SINAPI | D28: CABO DE COBRE FLEXÍVEL ISOLADO, 4 MM², ANTI-CHAMA 450/750 V, PARA CIRCUITOS TERMINAIS - FORNECIMENTO E INSTALAÇÃO. AF_12/2015 | E28: M | F28: 200 | G28: =CPU!J567 -> 6.32 | H28: =TRUNC(G28 * (1 + 28.82 / 100), 2) -> 8.14 | I28: =TRUNC(F28 * H28, 2) -> 1628 | J28: =I28 / H50 -> 0.0087661518 | K28: =TRUNC(F28*G28,2) -> 1264
A29: 7.2 | D29: PONTOS DE ILUMINAÇÃO E FORÇA | I29: =SUM(I30:I32) -> 4071 | J29: =I29 / H50 -> 0.021920764 | K29: =TRUNC(F29*G29,2) -> 0
A30: 7.2.1 | B30: 93128 | C30: SINAPI | D30: PONTO DE ILUMINAÇÃO RESIDENCIAL INCLUINDO INTERRUPTOR SIMPLES, CAIXA ELÉTRICA, ELETRODUTO, CABO, RASGO, QUEBRA E CHUMBAMENTO (EXCLUINDO LUMINÁRIA E LÂMPADA). AF_01/2016 | E30: UN | F30: 6 | G30: =CPU!J597 -> 141.11 | H30: =TRUNC(G30 * (1 + 28.82 / 100), 2) -> 181.77 | I30: =TRUNC(F30 * H30, 2) -> 1090.62 | J30: =I30 / H50 -> 0.0058725678 | K30: =TRUNC(F30*G30,2) -> 846.66
A31: 7.2.2 | B31: 93141 | C31: SINAPI | D31: PONTO DE TOMADA RESIDENCIAL INCLUINDO TOMADA 10A/250V, CAIXA ELÉTRICA, ELETRODUTO, CABO, RASGO, QUEBRA E CHUMBAMENTO. AF_01/2016 | E31: UN | F31: 12 | G31: =CPU!J610 -> 173.43 | H31: =TRUNC(G31 * (1 + 28.82 / 100), 2) -> 223.41 | I31: =TRUNC(F31 * H31, 2) -> 2680.92 | J31: =I31 / H50 -> 0.01443572 | K31: =TRUNC(F31*G31,2) -> 2081.16
A32: 7.2.3 | B32: 103782 | C32: SINAPI | D32: LUMINÁRIA TIPO PLAFON CIRCULAR, DE SOBREPOR, COM LED DE 12/13 W - FORNECIMENTO E INSTALAÇÃO. AF_03/2022 | E32: UN | F32: 6 | G32: =CPU!J636 -> 38.75 | H32: =TRUNC(G32 * (1 + 28.82 / 100), 2) -> 49.91 | I32: =TRUNC(F32 * H32, 2) -> 299.46 | J32: =I32 / H50 -> 0.0016124765 | K32: =TRUNC(F32*G32,2) -> 232.5
A33: 8 | D33: REVESTIMENTO PAREDE/TETO | I33: =SUM(I34:I35) -> 6303.7 | J33: =I33 / H50 -> 0.033942992 | K33: =TRUNC(F33*G33,2) -> 0
A34: 8.1 | B34: 87905 | C34: SINAPI | D34: CHAPISCO APLICADO EM ALVENARIA (COM PRESENÇA DE VÃOS) E ESTRUTURAS DE CONCRETO DE FACHADA, COM COLHER DE PEDREIRO. ARGAMASSA TRAÇO 1:3 COM PREPARO EM BETONEIRA 400L. AF_06/2014 | E34: m² | F34: 130 | G34: =CPU!J651 -> 7.81 | H34: =TRUNC(G34 * (1 + 28.82 / 100), 2) -> 10.06 | I34: =TRUNC(F34 * H34, 2) -> 1307.8 | J34: =I34 / H50 -> 0.0070419983 | K34: =TRUNC(F34*G34,2) -> 1015.3
A35: 8.2 | B35: 87548 | C35: SINAPI | D35: MASSA ÚNICA, PARA RECEBIMENTO DE PINTURA, EM ARGAMASSA TRAÇO 1:2:8, PREPARO MANUAL, APLICADA MANUALMENTE EM FACES INTERNAS DE PAREDES, ESPESSURA DE 10MM, COM EXECUÇÃO DE TALISCAS. AF_06/2014 | E35: m² | F35: 130 | G35: =CPU!J658 -> 29.84 | H35: =TRUNC(G35 * (1 + 28.82 / 100), 2) -> 38.43 | I35: =TRUNC(F35 * H35, 2) -> 4995.9 | J35: =I35 / H50 -> 0.026900994 | K35: =TRUNC(F35*G35,2) -> 3879.2
A36: 9 | D36: PISO | I36: =SUM(I37:I39) -> 11072.4 | J36: =I36 / H50 -> 0.059620601 | K36: =TRUNC(F36*G36,2) -> 0
A37: 9.1 | B37: 88477 | C37: SINAPI | D37: CONTRAPISO COM ARGAMASSA AUTONIVELANTE, APLICADO SOBRE LAJE, ADERIDO, ESPESSURA 3CM. AF_07/2021 | E37: m² | F37: 72.18 | G37: =CPU!J706 -> 37.15 | H37: =TRUNC(G37 * (1 + 28.82 / 100), 2) -> 47.85 | I37: =TRUNC(F37 * H37, 2) -> 3453.81 | J37: =I37 / H50 -> 0.018597434 | K37: =TRUNC(F37*G37,2) -> 2681.48
A38: 9.2 | B38: 87251 | C38: SINAPI | D38: REVESTIMENTO CERÂMICO PARA PISO COM PLACAS TIPO ESMALTADA EXTRA DE DIMENSÕES 45X45 CM APLICADA EM AMBIENTES DE ÁREA MAIOR QUE 10 M2. AF_06/2014 | E38: m² | F38: 72.18 | G38: =CPU!J714 -> 58.62 | H38: =TRUNC(G38 * (1 + 28.82 / 100), 2) -> 75.51 | I38: =TRUNC(F38 * H38, 2) -> 5450.31 | J38: =I38 / H50 -> 0.029347816 | K38: =TRUNC(F38*G38,2) -> 4231.19
A39: 9.3 | B39: 98689 | C39: SINAPI | D39: SOLEIRA EM GRANITO, LARGURA 15 CM, ESPESSURA 2,0 CM. AF_09/2020 | E39: M | F39: 12 | G39: =CPU!J723 -> 140.27 | H39: =TRUNC(G39 * (1 + 28.82 / 100), 2) -> 180.69 | I39: =TRUNC(F39 * H39, 2) -> 2168.28 | J39: =I39 / H50 -> 0.011675351 | K39: =TRUNC(F39*G39,2) -> 1683.24
A40: 10 | D40: PINTURA | I40: =SUM(I41:I46) -> 44159.15 | J40: =I40 / H50 -> 0.23777998 | K40: =TRUNC(F40*G40,2) -> 0
A41: 10.1 | B41: 88485 | C41: SINAPI | D41: APLICAÇÃO DE FUNDO SELADOR ACRÍLICO EM PAREDES, UMA DEMÃO. AF_06/2014 | E41: m² | F41: 130 | G41: =CPU!J740 -> 2.32 | H41: =TRUNC(G41 * (1 + 28.82 / 100), 2) -> 2.98 | I41: =TRUNC(F41 * H41, 2) -> 387.4 | J41: =I41 / H50 -> 0.0020859995 | K41: =TRUNC(F41*G41,2) -> 301.6
A42: 10.2 | B42: 96129 | C42: SINAPI | D42: APLICAÇÃO MANUAL DE MASSA ACRÍLICA EM SUPERFÍCIES INTERNAS DE SACADA DE EDIFÍCIOS DE MÚLTIPLOS PAVIMENTOS, UMA DEMÃO. AF_05/2017 | E42: m² | F42: =130+1034.02 -> 1164.02 | G42: =CPU!J747 -> 27.04 | H42: =TRUNC(G42 * (1 + 28.82 / 100), 2) -> 34.83 | I42: =TRUNC(F42 * H42, 2) -> 40542.81 | J42: =I42 / H50 -> 0.21830739 | K42: =TRUNC(F42*G42,2) -> 31475.1
A43: 10.3 | B43: 88489 | C43: SINAPI | D43: APLICAÇÃO MANUAL DE PINTURA COM TINTA LÁTEX ACRÍLICA EM PAREDES, DUAS DEMÃOS. AF_06/2014 | E43: m² | F43: 130 | G43: =CPU!J755 -> 16.92 | H43: =TRUNC(G43 * (1 + 28.82 / 100), 2) -> 21.79 | I43: =TRUNC(F43 * H43, 2) -> 2832.7 | J43: =I43 / H50 -> 0.015252996 | K43: =TRUNC(F43*G43,2) -> 2199.6
A44: 10.4 | B44: 102197 | C44: SINAPI | D44: PINTURA FUNDO NIVELADOR ALQUÍDICO BRANCO EM MADEIRA. AF_01/2021 | E44: m² | F44: 6 | G44: =CPU!J762 -> 20.23 | H44: =TRUNC(G44 * (1 + 28.82 / 100), 2) -> 26.06 | I44: =TRUNC(F44 * H44, 2) -> 156.36 | J44: =I44 / H50 -> 0.00084193826 | K44: =TRUNC(F44*G44,2) -> 121.38
A45: 10.5 | B45: 102200 | C45: SINAPI | D45: APLICAÇÃO MASSA ALQUÍDICA PARA MADEIRA, PARA PINTURA COM TINTA DE ACABAMENTO (PIGMENTADA). AF_01/2021 | E45: m² | F45: 6 | G45: =CPU!J770 -> 16.34 | H45: =TRUNC(G45 * (1 + 28.82 / 100), 2) -> 21.04 | I45: =TRUNC(F45 * H45, 2) -> 126.24 | J45: =I45 / H50 -> 0.00067975368 | K45: =TRUNC(F45*G45,2) -> 98.04
A46: 10.6 | B46: 102220 | C46: SINAPI | D46: PINTURA TINTA DE ACABAMENTO (PIGMENTADA) ESMALTE SINTÉTICO BRILHANTE EM MADEIRA, 2 DEMÃOS. AF_01/2021 | E46: m² | F46: 6 | G46: =CPU!J777 -> 14.71 | H46: =TRUNC(G46 * (1 + 28.82 / 100), 2) -> 18.94 | I46: =TRUNC(F46 * H46, 2) -> 113.64 | J46: =I46 / H50 -> 0.00061190755 | K46: =TRUNC(F46*G46,2) -> 88.26
A48: =ORCAMENTO!B17 -> ANANINDEUA(PA), 15 DE MAIO DE 2025 | F48: Total sem BDI | H48: =SUM(K6:K46) -> 144173.24
F49: Total do BDI | H49: =ORCAMENTO!E18 -> 41541.09
F50: Total Geral | H50: =ORCAMENTO!E19 -> 185714.33
A52: =ORCAMENTO!B21 -> RIOL - Serviços de Construções LTDA.
A53: =ORCAMENTO!B22 -> CNPJ: 09.335.585/0001-75

Sheet CPU
A2: Composições Analíticas com Preço Unitário | E2: Bancos | G2: B.D.I. | I2: Encargos Sociais
A3: =ORCAMENTO!A3 -> AMPLIAÇÃO DA EMEIF "NOSSA SENHORA DE LOURDES" | E3: =ORCAMENTO!C3 -> SINAPI - 02/2023 - Pará | G3: =ORCAMENTO!D3 -> 0.2882 | I3: =ORCAMENTO!E3 -> Desonerado: 0,00%
A4: Composições Analíticas com Preço Unitário
A5: Composições Principais
A6: 1.1 | B6: Código | C6: Banco | D6: Descrição | E6: Tipo | G6: Und | H6: Quant. | I6: Valor Unit | J6: Total
A7: Composição | B7: 00000036 | C7: Próprio | D7: Placa em lona com plotagem de gráfica (vinte placas 1x1 mts cada) | E7: CANT - CANTEIRO DE OBRAS | G7: m² | H7: 1 | I7: 273.43 | J7: 273.43
A8: Insumo | B8: 00004813 | C8: SINAPI | D8: PLACA DE OBRA (PARA CONSTRUCAO CIVIL) EM CHAPA GALVANIZADA *N. 22*, ADESIVADA, DE *2,0 X 1,125* M (SEM POSTES PARA FIXACAO) | E8: Material | G8: m² | H8: 1 | I8: 273.43 | J8: 273.43
E9: MO sem LS => | F9: 0 | G9: LS => | H9: 0 | I9: MO com LS => | J9: 0
E10: Valor do BDI => | F10: 78.8 | H10: Valor com BDI => | J10: 352.23
A11: 1.2 | B11: Código | C11: Banco | D11: Descrição | E11: Tipo | G11: Und | H11: Quant. | I11: Valor Unit | J11: Total
A12: Composição | B12: 99059 | C12: SINAPI | D12: LOCACAO CONVENCIONAL DE OBRA, UTILIZANDO GABARITO DE TÁBUAS CORRIDAS PONTALETADAS A CADA 2,00M - 2 UTILIZAÇÕES. AF_10/2018 | E12: SERT - SERVIÇOS TÉCNICOS | G12: M | H12: 1 | I12: 55.35 | J12: 55.35
A13: Composição Auxiliar | B13: 88239 | C13: SINAPI | D13: AJUDANTE DE CARPINTEIRO COM ENCARGOS COMPLEMENTARES | E13: SEDI - SERVIÇOS DIVERSOS | G13: H | H13: 0.3563 | I13: 19.43 | J13: 6.92
A14: Composição Auxiliar | B14: 88262 | C14: SINAPI | D14: CARPINTEIRO DE FORMAS COM ENCARGOS COMPLEMENTARES | E14: SEDI - SERVIÇOS DIVERSOS | G14: H | H14: 0.7125 | I14: 23.47 | J14: 16.72
A15: Composição Auxiliar | B15: 91692 | C15: SINAPI | D15: SERRA CIRCULAR DE BANCADA COM MOTOR ELÉTRICO POTÊNCIA DE 5HP, COM COIFA PARA DISCO 10" - CHP DIURNO. AF_08/2015 | E15: CHOR - CUSTOS HORÁRIOS DE MÁQUINAS E EQUIPAMENTOS | G15: CHP | H15: 0.0039 | I15: 25.69 | J15: 0.1
A16: Composição Auxiliar | B16: 91693 | C16: SINAPI | D16: SERRA CIRCULAR DE BANCADA COM MOTOR ELÉTRICO POTÊNCIA DE 5HP, COM COIFA PARA DISCO 10" - CHI DIURNO. AF_08/2015 | E16: CHOR - CUSTOS HORÁRIOS DE MÁQUINAS E EQUIPAMENTOS | G16: CHI | H16: 0.0168 | I16: 24.19 | J16: 0.4
A17: Composição Auxiliar | B17: 94974 | C17: SINAPI | D17: CONCRETO MAGRO PARA LASTRO, TRAÇO 1:4,5:4,5 (EM MASSA SECA DE CIMENTO/ AREIA MÉDIA/ BRITA 1) - PREPARO MANUAL. AF_05/2021 | E17: FUES - FUNDAÇÕES E ESTRUTURAS | G17: m³ | H17: 0.0046 | I17: 588.91 | J17: 2.7
A18: Composição Auxiliar | B18: 99062 | C18: SINAPI | D18: MARCAÇÃO DE PONTOS EM GABARITO OU CAVALETE. AF_10/2018 | E18: SERT - SERVIÇOS TÉCNICOS | G18: UN | H18: 1.5 | I18: 2.21 | J18: 3.31
A19: Insumo | B19: 00004417 | C19: SINAPI | D19: SARRAFO NAO APARELHADO *2,5 X 7* CM, EM MACARANDUBA, ANGELIM OU EQUIVALENTE DA REGIAO - BRUTA | E19: Material | G19: M | H19: 0.7445 | I19: 6.76 | J19: 5.03
A20: Insumo | B20: 00004433 | C20: SINAPI | D20: CAIBRO NAO APARELHADO *7,5 X 7,5* CM, EM MACARANDUBA, ANGELIM OU EQUIVALENTE DA REGIAO - BRUTA | E20: Material | G20: M | H20: 0.4125 | I20: 24.3 | J20: 10.02
A21: Insumo | B21: 00005068 | C21: SINAPI | D21: PREGO DE ACO POLIDO COM CABECA 17 X 21 (2 X 11) | E21: Material | G21: KG | H21: 0.111 | I21: 23.44 | J21: 2.6
A22: Insumo | B22: 00007356 | C22: SINAPI | D22: TINTA ACRILICA PREMIUM, COR BRANCO FOSCO | E22: Material | G22: L | H22: 0.0256 | I22: 33.15 | J22: 0.84
A23: Insumo | B23: 00010567 | C23: SINAPI | D23: TABUA *2,5 X 23* CM EM PINUS, MISTA OU EQUIVALENTE DA REGIAO - BRUTA | E23: Material | G23: M | H23: 0.55 | I23: 12.21 | J23: 6.71
E24: MO sem LS => | F24: 18.91 | G24: LS => | H24: 0 | I24: MO com LS => | J24: 18.91
E25: Valor do BDI => | F25: 15.95 | H25: Valor com BDI => | J25: 71.3
A26: 1.3 | B26: Código | C26: Banco | D26: Descrição | E26: Tipo | G26: Und | H26: Quant. | I26: Valor Unit | J26: Total
A27: Composição | B27: 93208 | C27: SINAPI | D27: EXECUÇÃO DE ALMOXARIFADO EM CANTEIRO DE OBRA EM CHAPA DE MADEIRA COMPENSADA, INCLUSO PRATELEIRAS. AF_02/2016 | E27: CANT - CANTEIRO DE OBRAS | G27: m² | H27: 1 | I27: 919.7 | J27: 919.7
A28: Composição Auxiliar | B28: 101165 | C28: SINAPI | D28: ALVENARIA DE EMBASAMENTO COM BLOCO ESTRUTURAL DE CONCRETO, DE 14X19X29CM E ARGAMASSA DE ASSENTAMENTO COM PREPARO EM BETONEIRA. AF_05/2020 | E28: FUES - FUNDAÇÕES E ESTRUTURAS | G28: m³ | H28: 0.0269 | I28: 967.71 | J28: 26.03
A29: Composição Auxiliar | B29: 101876 | C29: SINAPI | D29: QUADRO DE DISTRIBUIÇÃO DE ENERGIA EM PVC, DE EMBUTIR, SEM BARRAMENTO, PARA 6 DISJUNTORES - FORNECIMENTO E INSTALAÇÃO. AF_10/2020 | E29: INEL - INSTALAÇÃO ELÉTRICA/ELETRIFICAÇÃO E ILUMINAÇÃO EXTERNA | G29: UN | H29: 0.0252 | I29: 69.75 | J29: 1.75
A30: Composição Auxiliar | B30: 101891 | C30: SINAPI | D30: DISJUNTOR MONOPOLAR TIPO NEMA, CORRENTE NOMINAL DE 35 ATÉ 50A - FORNECIMENTO E INSTALAÇÃO. AF_10/2020 | E30: INEL - INSTALAÇÃO ELÉTRICA/ELETRIFICAÇÃO E ILUMINAÇÃO EXTERNA | G30: UN | H30: 0.0504 | I30: 26.26 | J30: 1.32
A31: Composição Auxiliar | B31: 88262 | C31: SINAPI | D31: CARPINTEIRO DE FORMAS COM ENCARGOS COMPLEMENTARES | E31: SEDI - SERVIÇOS DIVERSOS | G31: H | H31: 0.9794 | I31: 23.47 | J31: 22.98
A32: Composição Auxiliar | B32: 88489 | C32: SINAPI | D32: APLICAÇÃO MANUAL DE PINTURA COM TINTA LÁTEX ACRÍLICA EM PAREDES, DUAS DEMÃOS. AF_06/2014 | E32: PINT - PINTURAS | G32: m² | H32: 3.7457 | I32: 16.93 | J32: 63.41
A33: Composição Auxiliar | B33: 91170 | C33: SINAPI | D33: FIXAÇÃO DE TUBOS HORIZONTAIS DE PVC, CPVC OU COBRE DIÂMETROS MENORES OU IGUAIS A 40 MM OU ELETROCALHAS ATÉ 150MM DE LARGURA, COM ABRAÇADEIRA METÁLICA RÍGIDA TIPO D 1/2, FIXADA EM PERFILADO EM LAJE. AF_05/2015 | E33: INHI - INSTALAÇÕES HIDROS SANITÁRIAS | G33: M | H33: 0.2518 | I33: 2.92 | J33: 0.73
A34: Composição Auxiliar | B34: 91173 | C34: SINAPI | D34: FIXAÇÃO DE TUBOS VERTICAIS DE PPR DIÂMETROS MENORES OU IGUAIS A 40 MM COM ABRAÇADEIRA METÁLICA RÍGIDA TIPO D 1/2", FIXADA EM PERFILADO EM ALVENARIA. AF_05/2015 | E34: INHI - INSTALAÇÕES HIDROS SANITÁRIAS | G34: M | H34: 0.2266 | I34: 1.48 | J34: 0.33
A35: Composição Auxiliar | B35: 91341 | C35: SINAPI | D35: PORTA EM ALUMÍNIO DE ABRIR TIPO VENEZIANA COM GUARNIÇÃO, FIXAÇÃO COM PARAFUSOS - FORNECIMENTO E INSTALAÇÃO. AF_12/2019 | E35: ESQV - ESQUADRIAS/FERRAGENS/VIDROS | G35: m² | H35: 0.0634 | I35: 457.82 | J35: 29.02
A36: Composição Auxiliar | B36: 91862 | C36: SINAPI | D36: ELETRODUTO RÍGIDO ROSCÁVEL, PVC, DN 20 MM (1/2"), PARA CIRCUITOS TERMINAIS, INSTALADO EM FORRO - FORNECIMENTO E INSTALAÇÃO. AF_12/2015 | E36: INEL - INSTALAÇÃO ELÉTRICA/ELETRIFICAÇÃO E ILUMINAÇÃO EXTERNA | G36: M | H36: 0.2518 | I36: 10.1 | J36: 2.54
A37: Composição Auxiliar | B37: 91870 | C37: SINAPI | D37: ELETRODUTO RÍGIDO ROSCÁVEL, PVC, DN 20 MM (1/2"), PARA CIRCUITOS TERMINAIS, INSTALADO EM PAREDE - FORNECIMENTO E INSTALAÇÃO. AF_12/2015 | E37: INEL - INSTALAÇÃO ELÉTRICA/ELETRIFICAÇÃO E ILUMINAÇÃO EXTERNA | G37: M | H37: 0.2266 | I37: 11 | J37: 2.49
A38: Composição Auxiliar | B38: 91911 | C38: SINAPI | D38: CURVA 90 GRAUS PARA ELETRODUTO, PVC, ROSCÁVEL, DN 20 MM (1/2"), PARA CIRCUITOS TERMINAIS, INSTALADA EM PAREDE - FORNECIMENTO E INSTALAÇÃO. AF_12/2015 | E38: INEL - INSTALAÇÃO ELÉTRICA/ELETRIFICAÇÃO E ILUMINAÇÃO EXTERNA | G38: UN | H38: 0.0755 | I38: 12.63 | J38: 0.95
... A69: Insumo | B69: 00011587 | C69: SINAPI | D69: FORRO DE PVC LISO, BRANCO, REGUA DE 10 CM, ESPESSURA DE 8 MM A 10 MM (COM COLOCACAO / SEM ESTRUTURA METALICA) | E69: Material | G69: m² | H69: 1 | I69: 99.6 | J69: 99.6
E70: MO sem LS => | F70: 120.59 | G70: LS => | H70: 0 | I70: MO com LS => | J70: 120.59
E71: Valor do BDI => | F71: 265.05 | H71: Valor com BDI => | J71: 1184.75
A72: 1.4 | B72: Código | C72: Banco | D72: Descrição | E72: Tipo | G72: Und | H72: Quant. | I72: Valor Unit | J72: Total
A73: Composição | B73: 00000001 | C73: Próprio | D73: ADMINISTRAÇÃO LOCAL | E73: SERT - SERVIÇOS TÉCNICOS | G73: MÊS | H73: 1 | I73: 8783.24 | J73: 8783.24
A74: Composição Auxiliar | B74: 93565 | C74: SINAPI | D74: ENGENHEIRO CIVIL DE OBRA JUNIOR COM ENCARGOS COMPLEMENTARES | E74: SEDI - SERVIÇOS DIVERSOS | G74: MES | H74: 0.2 | I74: 16859.86 | J74: 3371.97
A75: Composição Auxiliar | B75: 94295 | C75: SINAPI | D75: MESTRE DE OBRAS COM ENCARGOS COMPLEMENTARES | E75: SEDI - SERVIÇOS DIVERSOS | G75: MES | H75: 1 | I75: 5411.27 | J75: 5411.27
E76: MO sem LS => | F76: 8289.26 | G76: LS => | H76: 0 | I76: MO com LS => | J76: 8289.26
E77: Valor do BDI => | F77: 2531.32 | H77: Valor com BDI => | J77: 11314.56
A78: 1.5 | B78: Código | C78: Banco | D78: Descrição | E78: Tipo | G78: Und | H78: Quant. | I78: Valor Unit | J78: Total
A79: Composição | B79: 00000144 | C79: Próprio | D79: Mobilização e Desmobilização de pessoal e equipamentos | E79: SEDOP | G79: UN | H79: 1 | I79: 44832 | J79: 44832
A80: Composição Auxiliar | B80: 73340 | C80: SINAPI | D80: CAMINHÃO TOCO, PBT 14.300 KG, CARGA ÚTIL MÁX. 9.710 KG, DIST. ENTRE EIXOS 3,56 M, POTÊNCIA 185 CV, INCLUSIVE CARROCERIA FIXA ABERTA DE MADEIRA P/ TRANSPORTE GERAL DE CARGA SECA, DIMEN. APROX. 2,50 X 6,50 X 0,50 M - MATERIAIS NA OPERAÇÃO. AF_06/2014 | E80: CHOR - CUSTOS HORÁRIOS DE MÁQUINAS E EQUIPAMENTOS | G80: H | H80: 300 | I80: 149.44 | J80: 44832
E81: MO sem LS => | F81: 0 | G81: LS => | H81: 0 | I81: MO com LS => | J81: 0
E82: Valor do BDI => | F82: 12920.58 | H82: Valor com BDI => | J82: 57752.58
A83: 2.1 | B83: Código | C83: Banco | D83: Descrição | E83: Tipo | G83: Und | H83: Quant. | I83: Valor Unit | J83: Total
A84: Composição | B84: 93358 | C84: SINAPI | D84: ESCAVAÇÃO MANUAL DE VALA COM PROFUNDIDADE MENOR OU IGUAL A 1,30 M. AF_02/2021 | E84: MOVT - MOVIMENTO DE TERRA | G84: m³ | H84: 1 | I84: 75.59 | J84: 75.59
A85: Composição Auxiliar | B85: 88316 | C85: SINAPI | D85: SERVENTE COM ENCARGOS COMPLEMENTARES | E85: SEDI - SERVIÇOS DIVERSOS | G85: H | H85: 3.956 | I85: 19.11 | J85: 75.59
E86: MO sem LS => | F86: 47.35 | G86: LS => | H86: 0 | I86: MO com LS => | J86: 47.35
E87: Valor do BDI => | F87: 21.78 | H87: Valor com BDI => | J87: 97.37
A88: 3.1 | B88: Código | C88: Banco | D88: Descrição | E88: Tipo | G88: Und | H88: Quant. | I88: Valor Unit | J88: Total
A89: Composição | B89: 97625 | C89: SINAPI | D89: DEMOLIÇÃO DE ALVENARIA PARA QUALQUER TIPO DE BLOCO, DE FORMA MECANIZADA, SEM REAPROVEITAMENTO. AF_12/2017 | E89: SERP - SERVIÇOS PRELIMINARES | G89: m³ | H89: 1 | I89: 58.79 | J89: 58.79
A90: Composição Auxiliar | B90: 5940 | C90: SINAPI | D90: PÁ CARREGADEIRA SOBRE RODAS, POTÊNCIA LÍQUIDA 128 HP, CAPACIDADE DA CAÇAMBA 1,7 A 2,8 M3, PESO OPERACIONAL 11632 KG - CHP DIURNO. AF_06/2014 | E90: CHOR - CUSTOS HORÁRIOS DE MÁQUINAS E EQUIPAMENTOS | G90: CHP | H90: 0.24 | I90: 201.5 | J90: 48.36
A91: Composição Auxiliar | B91: 5942 | C91: SINAPI | D91: PÁ CARREGADEIRA SOBRE RODAS, POTÊNCIA LÍQUIDA 128 HP, CAPACIDADE DA CAÇAMBA 1,7 A 2,8 M3, PESO OPERACIONAL 11632 KG - CHI DIURNO. AF_06/2014 | E91: CHOR - CUSTOS HORÁRIOS DE MÁQUINAS E EQUIPAMENTOS | G91: CHI | H91: 0.1394 | I91: 74.85 | J91: 10.43
E92: MO sem LS => | F92: 6.16 | G92: LS => | H92: 0 | I92: MO com LS => | J92: 6.16
E93: Valor do BDI => | F93: 16.94 | H93: Valor com BDI => | J93: 75.73
A94: 4.1 | B94: Código | C94: Banco | D94: Descrição | E94: Tipo | G94: Und | H94: Quant. | I94: Valor Unit | J94: Total
A95: Composição | B95: 100899 | C95: SINAPI | D95: ESTACA ESCAVADA MECANICAMENTE, SEM FLUIDO ESTABILIZANTE, COM 25CM DE DIÂMETRO, CONCRETO LANÇADO MANUALMENTE (EXCLUSIVE MOBILIZAÇÃO E DESMOBILIZAÇÃO). AF_01/2020 | E95: FUES - FUNDAÇÕES E ESTRUTURAS | G95: M | H95: 1 | I95: 91.34 | J95: 91.34
A96: Composição Auxiliar | B96: 100973 | C96: SINAPI | D96: CARGA, MANOBRA E DESCARGA DE SOLOS E MATERIAIS GRANULARES EM CAMINHÃO BASCULANTE 6 M³ - CARGA COM PÁ CARREGADEIRA (CAÇAMBA DE 1,7 A 2,8 M³ / 128 HP) E DESCARGA LIVRE (UNIDADE: M3). AF_07/2020 | E96: TRAN - TRANSPORTES, CARGAS E DESCARGAS | G96: m³ | H96: 0.0614 | I96: 8.17 | J96: 0.5
A97: Composição Auxiliar | B97: 88316 | C97: SINAPI | D97: SERVENTE COM ENCARGOS COMPLEMENTARES | E97: SEDI - SERVIÇOS DIVERSOS | G97: H | H97: 1.3833 | I97: 19.11 | J97: 26.43
A98: Composição Auxiliar | B98: 90680 | C98: SINAPI | D98: PERFURATRIZ HIDRÁULICA SOBRE CAMINHÃO COM TRADO CURTO ACOPLADO, PROFUNDIDADE MÁXIMA DE 20 M, DIÂMETRO MÁXIMO DE 1500 MM, POTÊNCIA INSTALADA DE 137 HP, MESA ROTATIVA COM TORQUE MÁXIMO DE 30 KNM - CHP DIURNO. AF_06/2015 | E98: CHOR - CUSTOS HORÁRIOS DE MÁQUINAS E EQUIPAMENTOS | G98: CHP | H98: 0.0274 | I98: 396.69 | J98: 10.86
A99: Composição Auxiliar | B99: 90681 | C99: SINAPI | D99: PERFURATRIZ HIDRÁULICA SOBRE CAMINHÃO COM TRADO CURTO ACOPLADO, PROFUNDIDADE MÁXIMA DE 20 M, DIÂMETRO MÁXIMO DE 1500 MM, POTÊNCIA INSTALADA DE 137 HP, MESA ROTATIVA COM TORQUE MÁXIMO DE 30 KNM - CHI DIURNO. AF_06/2015 | E99: CHOR - CUSTOS HORÁRIOS DE MÁQUINAS E EQUIPAMENTOS | G99: CHI | H99: 0.049 | I99: 160.75 | J99: 7.87
A100: Composição Auxiliar | B100: 90778 | C100: SINAPI | D100: ENGENHEIRO CIVIL DE OBRA PLENO COM ENCARGOS COMPLEMENTARES | E100: SEDI - SERVIÇOS DIVERSOS | G100: H | H100: 0.0051 | I100: 110.82 | J100: 0.56
A101: Composição Auxiliar | B101: 95578 | C101: SINAPI | D101: MONTAGEM DE ARMADURA DE ESTACAS, DIÂMETRO = 12,5 MM. AF_09/2021 | E101: FUES - FUNDAÇÕES E ESTRUTURAS | G101: KG | H101: 0.8491 | I101: 10.1 | J101: 8.57
A102: Composição Auxiliar | B102: 97913 | C102: SINAPI | D102: TRANSPORTE COM CAMINHÃO BASCULANTE DE 6 M³, EM VIA URBANA EM REVESTIMENTO PRIMÁRIO (UNIDADE: M3XKM). AF_07/2020 | E102: TRAN - TRANSPORTES, CARGAS E DESCARGAS | G102: M3XKM | H102: 0.0205 | I102: 2.8 | J102: 0.05
A103: Insumo | B103: 00038405 | C103: SINAPI | D103: CONCRETO USINADO BOMBEAVEL, CLASSE DE RESISTENCIA C25, COM BRITA 0 E 1, SLUMP = 130 +/- 20 MM, EXCLUI SERVICO DE BOMBEAMENTO (NBR 8953) | E103: Material | G103: m³ | H103: 0.0527 | I103: 692.73 | J103: 36.5
E104: MO sem LS => | F104: 18.84 | G104: LS => | H104: 0 | I104: MO com LS => | J104: 18.84
E105: Valor do BDI => | F105: 26.32 | H105: Valor com BDI => | J105: 117.66
A106: 4.2 | B106: Código | C106: Banco | D106: Descrição | E106: Tipo | G106: Und | H106: Quant. | I106: Valor Unit | J106: Total
A107: Composição | B107: 95955 | C107: SINAPI | D107: (COMPOSIÇÃO REPRESENTATIVA) EXECUÇÃO DE ESTRUTURAS DE CONCRETO ARMADO, PARA EDIFICAÇÃO HABITACIONAL UNIFAMILIAR TÉRREA (CASA ISOLADA), FCK = 25 MPA. AF_01/2017 | E107: FUES - FUNDAÇÕES E ESTRUTURAS | G107: m³ | H107: 1 | I107: 3464.87 | J107: 3464.87
A108: Composição Auxiliar | B108: 103673 | C108: SINAPI | D108: LANÇAMENTO COM USO DE BOMBA, ADENSAMENTO E ACABAMENTO DE CONCRETO EM ESTRUTURAS. AF_02/2022 | E108: FUES - FUNDAÇÕES E ESTRUTURAS | G108: m³ | H108: 1 | I108: 36.47 | J108: 36.47
A109: Composição Auxiliar | B109: 92415 | C109: SINAPI | D109: MONTAGEM E DESMONTAGEM DE FÔRMA DE PILARES RETANGULARES E ESTRUTURAS SIMILARES, PÉ-DIREITO SIMPLES, EM CHAPA DE MADEIRA COMPENSADA RESINADA, 2 UTILIZAÇÕES. AF_09/2020 | E109: FUES - FUNDAÇÕES E ESTRUTURAS | G109: m² | H109: 2.3 | I109: 136.51 | J109: 313.97
A110: Composição Auxiliar | B110: 92451 | C110: SINAPI | D110: MONTAGEM E DESMONTAGEM DE FÔRMA DE VIGA, ESCORAMENTO COM GARFO DE MADEIRA, PÉ-DIREITO SIMPLES, EM CHAPA DE MADEIRA RESINADA, 2 UTILIZAÇÕES. AF_09/2020 | E110: FUES - FUNDAÇÕES E ESTRUTURAS | G110: m² | H110: 3.08 | I110: 194.01 | J110: 597.55
A111: Composição Auxiliar | B111: 92510 | C111: SINAPI | D111: MONTAGEM E DESMONTAGEM DE FÔRMA DE LAJE MACIÇA, PÉ-DIREITO SIMPLES, EM CHAPA DE MADEIRA COMPENSADA RESINADA, 2 UTILIZAÇÕES. AF_09/2020 | E111: FUES - FUNDAÇÕES E ESTRUTURAS | G111: m² | H111: 4.79 | I111: 65.79 | J111: 315.13
A112: Composição Auxiliar | B112: 92759 | C112: SINAPI | D112: ARMAÇÃO DE PILAR OU VIGA DE UMA ESTRUTURA CONVENCIONAL DE CONCRETO ARMADO EM UM EDIFÍCIO DE MÚLTIPLOS PAVIMENTOS UTILIZANDO AÇO CA-60 DE 5,0 MM - MONTAGEM. AF_12/2015 | E112: FUES - FUNDAÇÕES E ESTRUTURAS | G112: KG | H112: 8.51 | I112: 14.72 | J112: 125.26
A113: Composição Auxiliar | B113: 92761 | C113: SINAPI | D113: ARMAÇÃO DE PILAR OU VIGA DE ESTRUTURA CONVENCIONAL DE CONCRETO ARMADO UTILIZANDO AÇO CA-50 DE 8,0 MM - MONTAGEM. AF_06/2022 | E113: FUES - FUNDAÇÕES E ESTRUTURAS | G113: KG | H113: 6.33 | I113: 13.68 | J113: 86.59
A114: Composição Auxiliar | B114: 92762 | C114: SINAPI | D114: ARMAÇÃO DE PILAR OU VIGA DE ESTRUTURA CONVENCIONAL DE CONCRETO ARMADO UTILIZANDO AÇO CA-50 DE 10,0 MM - MONTAGEM. AF_06/2022 | E114: FUES - FUNDAÇÕES E ESTRUTURAS | G114: KG | H114: 14.86 | I114: 12.33 | J114: 183.22
A115: Composição Auxiliar | B115: 92763 | C115: SINAPI | D115: ARMAÇÃO DE PILAR OU VIGA DE ESTRUTURA CONVENCIONAL DE CONCRETO ARMADO UTILIZANDO AÇO CA-50 DE 12,5 MM - MONTAGEM. AF_06/2022 | E115: FUES - FUNDAÇÕES E ESTRUTURAS | G115: KG | H115: 1.48 | I115: 10.46 | J115: 15.48
A116: Composição Auxiliar | B116: 92764 | C116: SINAPI | D116: ARMAÇÃO DE PILAR OU VIGA DE ESTRUTURA CONVENCIONAL DE CONCRETO ARMADO UTILIZANDO AÇO CA-50 DE 16,0 MM - MONTAGEM. AF_06/2022 | E116: FUES - FUNDAÇÕES E ESTRUTURAS | G116: KG | H116: 0.33 | I116: 10.19 | J116: 3.36
A117: Composição Auxiliar | B117: 92768 | C117: SINAPI | D117: ARMAÇÃO DE LAJE DE ESTRUTURA CONVENCIONAL DE CONCRETO ARMADO UTILIZANDO AÇO CA-60 DE 5,0 MM - MONTAGEM. AF_06/2022 | E117: FUES - FUNDAÇÕES E ESTRUTURAS | G117: KG | H117: 6.27 | I117: 14.29 | J117: 89.59
A118: Composição Auxiliar | B118: 92769 | C118: SINAPI | D118: ARMAÇÃO DE LAJE DE ESTRUTURA CONVENCIONAL DE CONCRETO ARMADO UTILIZANDO AÇO CA-50 DE 6,3 MM - MONTAGEM. AF_06/2022 | E118: FUES - FUNDAÇÕES E ESTRUTURAS | G118: KG | H118: 2.32 | I118: 13.83 | J118: 32.08
... A126: Insumo | B126: 00001527 | C126: SINAPI | D126: CONCRETO USINADO BOMBEAVEL, CLASSE DE RESISTENCIA C25, COM BRITA 0 E 1, SLUMP = 100 +/- 20 MM, INCLUI SERVICO DE BOMBEAMENTO (NBR 8953) | E126: Material | G126: m³ | H126: 1.103 | I126: 722.65 | J126: 797.08
E127: MO sem LS => | F127: 556.45 | G127: LS => | H127: 0 | I127: MO com LS => | J127: 556.45
E128: Valor do BDI => | F128: 998.57 | H128: Valor com BDI => | J128: 4463.44
A129: 5.1 | B129: Código | C129: Banco | D129: Descrição | E129: Tipo | G129: Und | H129: Quant. | I129: Valor Unit | J129: Total
A130: Composição | B130: 95955 | C130: SINAPI | D130: (COMPOSIÇÃO REPRESENTATIVA) EXECUÇÃO DE ESTRUTURAS DE CONCRETO ARMADO, PARA EDIFICAÇÃO HABITACIONAL UNIFAMILIAR TÉRREA (CASA ISOLADA), FCK = 25 MPA. AF_01/2017 | E130: FUES - FUNDAÇÕES E ESTRUTURAS | G130: m³ | H130: 1 | I130: 3464.87 | J130: 3464.87
A131: Composição Auxiliar | B131: 103673 | C131: SINAPI | D131: LANÇAMENTO COM USO DE BOMBA, ADENSAMENTO E ACABAMENTO DE CONCRETO EM ESTRUTURAS. AF_02/2022 | E131: FUES - FUNDAÇÕES E ESTRUTURAS | G131: m³ | H131: 1 | I131: 36.47 | J131: 36.47
A132: Composição Auxiliar | B132: 92415 | C132: SINAPI | D132: MONTAGEM E DESMONTAGEM DE FÔRMA DE PILARES RETANGULARES E ESTRUTURAS SIMILARES, PÉ-DIREITO SIMPLES, EM CHAPA DE MADEIRA COMPENSADA RESINADA, 2 UTILIZAÇÕES. AF_09/2020 | E132: FUES - FUNDAÇÕES E ESTRUTURAS | G132: m² | H132: 2.3 | I132: 136.51 | J132: 313.97
A133: Composição Auxiliar | B133: 92451 | C133: SINAPI | D133: MONTAGEM E DESMONTAGEM DE FÔRMA DE VIGA, ESCORAMENTO COM GARFO DE MADEIRA, PÉ-DIREITO SIMPLES, EM CHAPA DE MADEIRA RESINADA, 2 UTILIZAÇÕES. AF_09/2020 | E133: FUES - FUNDAÇÕES E ESTRUTURAS | G133: m² | H133: 3.08 | I133: 194.01 | J133: 597.55
A134: Composição Auxiliar | B134: 92510 | C134: SINAPI | D134: MONTAGEM E DESMONTAGEM DE FÔRMA DE LAJE MACIÇA, PÉ-DIREITO SIMPLES, EM CHAPA DE MADEIRA COMPENSADA RESINADA, 2 UTILIZAÇÕES. AF_09/2020 | E134: FUES - FUNDAÇÕES E ESTRUTURAS | G134: m² | H134: 4.79 | I134: 65.79 | J134: 315.13
A135: Composição Auxiliar | B135: 92759 | C135: SINAPI | D135: ARMAÇÃO DE PILAR OU VIGA DE UMA ESTRUTURA CONVENCIONAL DE CONCRETO ARMADO EM UM EDIFÍCIO DE MÚLTIPLOS PAVIMENTOS UTILIZANDO AÇO CA-60 DE 5,0 MM - MONTAGEM. AF_12/2015 | E135: FUES - FUNDAÇÕES E ESTRUTURAS | G135: KG | H135: 8.51 | I135: 14.72 | J135: 125.26
A136: Composição Auxiliar | B136: 92761 | C136: SINAPI | D136: ARMAÇÃO DE PILAR OU VIGA DE ESTRUTURA CONVENCIONAL DE CONCRETO ARMADO UTILIZANDO AÇO CA-50 DE 8,0 MM - MONTAGEM. AF_06/2022 | E136: FUES - FUNDAÇÕES E ESTRUTURAS | G136: KG | H136: 6.33 | I136: 13.68 | J136: 86.59
A137: Composição Auxiliar | B137: 92762 | C137: SINAPI | D137: ARMAÇÃO DE PILAR OU VIGA DE ESTRUTURA CONVENCIONAL DE CONCRETO ARMADO UTILIZANDO AÇO CA-50 DE 10,0 MM - MONTAGEM. AF_06/2022 | E137: FUES - FUNDAÇÕES E ESTRUTURAS | G137: KG | H137: 14.86 | I137: 12.33 | J137: 183.22
A138: Composição Auxiliar | B138: 92763 | C138: SINAPI | D138: ARMAÇÃO DE PILAR OU VIGA DE ESTRUTURA CONVENCIONAL DE CONCRETO ARMADO UTILIZANDO AÇO CA-50 DE 12,5 MM - MONTAGEM. AF_06/2022 | E138: FUES - FUNDAÇÕES E ESTRUTURAS | G138: KG | H138: 1.48 | I138: 10.46 | J138: 15.48
...

Sheet CRONOGRAMA
A2: Obra | C2: Bancos | F2: B.D.I. | H2: Encargos Sociais
A3: =ORCAMENTO!A3 -> AMPLIAÇÃO DA EMEIF "NOSSA SENHORA DE LOURDES" | C3: =ORCAMENTO!C3 -> SINAPI - 02/2023 - Pará | F3: 28,82% | H3: =ORCAMENTO!E3 -> Desonerado: 0,00%
A4: Cronograma Físico e Financeiro - Aditivo de Serviços
A5: Item | B5: Descrição | C5: Total Por Etapa | D5: 30 DIAS | E5: 60 DIAS | F5: 90 DIAS | G5: 120 DIAS | H5: 150 DIAS | I5: 180 DIAS
A6: 1 | B6: =ORCAMENTO!B6 -> SERVIÇOS PRELIMINARES | C6: 1 | D6: 0.22 | E6: 0.156 | F6: 0.156 | G6: 0.156 | H6: 0.156 | I6: 0.156
C7: =ORCAMENTO!E6 -> 20901.48 | D7: =C7-E7-F7-G7-H7-I7 -> 4598.33 | E7: =TRUNC(C7*E6,2) -> 3260.63 | F7: =TRUNC(C7*F6,2) -> 3260.63 | G7: =TRUNC(C7*G6,2) -> 3260.63 | H7: =TRUNC(C7*H6,2) -> 3260.63 | I7: =TRUNC(C7*I6,2) -> 3260.63
A8: 4 | B8: =ORCAMENTO!B7 -> FUNDAÇÕES | C8: 1 | E8: 0.5 | F8: 0.5
C9: =ORCAMENTO!E7 -> 58104.97 | E9: =TRUNC(C9*E8,2) -> 29052.48 | F9: =C9-E9 -> 29052.49
A10: 5 | B10: =ORCAMENTO!B8 -> ESTRUTURA | C10: 1 | E10: 0.25 | F10: 0.5 | G10: 0.25
C11: =ORCAMENTO!E8 -> 18654.74 | E11: =TRUNC(C11*E10,2) -> 4663.68 | F11: =C11-E11-G11 -> 9327.38 | G11: =TRUNC(C11*G10,2) -> 4663.68
A12: 6 | B12: =ORCAMENTO!B9 -> PAREDES | C12: 1 | F12: 0.25 | G12: 0.5 | H12: 0.25
C13: =ORCAMENTO!E9 -> 6798.41 | F13: =TRUNC(C13*F12,2) -> 1699.6 | G13: =C13-F13-H13 -> 3399.21 | H13: =TRUNC(C13*H12,2) -> 1699.6
A14: 7 | B14: =ORCAMENTO!B10 -> COBERTURA | C14: 1 | E14: 0.25 | F14: 0.5 | G14: 0.25
C15: =ORCAMENTO!E10 -> 12788.84 | E15: =TRUNC(C15*E14,2) -> 3197.21 | F15: =C15-E15-G15 -> 6394.42 | G15: =TRUNC(C15*G14,2) -> 3197.21
A16: 8 | B16: =ORCAMENTO!B11 -> ESQUADRIAS | C16: 1 | F16: 0.25 | G16: 0.25 | H16: 0.5
C17: =ORCAMENTO!E11 -> 1231.64 | F17: =TRUNC(C17*F16,2) -> 307.91 | G17: =TRUNC(C17*G16,2) -> 307.91 | H17: =C17-F17-G17 -> 615.82
A18: 10 | B18: =ORCAMENTO!B12 -> INSTALAÇÕES ELÉTRICAS | C18: 1 | F18: 0.5 | G18: 0.25 | H18: 0.25
C19: =ORCAMENTO!E12 -> 5699 | F19: =C19-G19-H19 -> 2849.5 | G19: =TRUNC(C19*G18,2) -> 1424.75 | H19: =TRUNC(C19*H18,2) -> 1424.75
A20: 11 | B20: =ORCAMENTO!B13 -> REVESTIMENTO PAREDE/TETO | C20: 1 | F20: 0.5 | G20: 0.5
C21: =ORCAMENTO!E13 -> 6303.7 | F21: =TRUNC(C21*F20,2) -> 3151.85 | G21: =C21-F21 -> 3151.85
A22: 12 | B22: =ORCAMENTO!B14 -> PISO | C22: 1 | G22: 0.25 | H22: 0.5 | I22: 0.25
C23: =ORCAMENTO!E14 -> 11072.4 | G23: =TRUNC(C23*G22,2) -> 2768.1 | H23: =C23-G23-I23 -> 5536.2 | I23: =TRUNC(C23*I22,2) -> 2768.1
A24: 13 | B24: =ORCAMENTO!B15 -> PINTURA | C24: 1 | H24: 0.5 | I24: 0.5
C25: =ORCAMENTO!E15 -> 44159.15 | H25: =TRUNC(C25*H24,2) -> 22079.57 | I25: =C25-H25 -> 22079.58
A26: Porcentagem | D26: =TRUNC(D27/I29,4) -> 0.0247 | E26: =TRUNC(E27/I29,4) -> 0.2163 | F26: =TRUNC(F27/I29,4) -> 0.3017 | G26: =TRUNC(G27/I29,4) -> 0.1193 | H26: =TRUNC(H27/I29,4) -> 0.1863 | I26: =I28-H28 -> 0.1517
A27: Custo | D27: =D7+D9+D11+D13+D15+D17+D19+D21+D23+D25 -> 4598.33 | E27: =E7+E9+E11+E13+E15+E17+E19+E21+E23+E25 -> 40174 | F27: =F7+F9+F11+F13+F15+F17+F19+F21+F23+F25 -> 56043.78 | G27: =G7+G9+G11+G13+G15+G17+G19+G21+G23+G25 -> 22173.34 | H27: =H7+H9+H11+H13+H15+H17+H19+H21+H23+H25 -> 34616.57 | I27: =I7+I9+I11+I13+I15+I17+I19+I21+I23+I25 -> 28108.31
A28: Porcentagem Acumulado | D28: =D26 -> 0.0247 | E28: =D28+E26 -> 0.241 | F28: =E28+F26 -> 0.5427 | G28: =F28+G26 -> 0.662 | H28: =G28+H26 -> 0.8483 | I28: 1
A29: Custo Acumulado | D29: =D27 -> 4598.33 | E29: =D29+E27 -> 44772.33 | F29: =E29+F27 -> 100816.11 | G29: =F29+G27 -> 122989.45 | H29: =G29+H27 -> 157606.02 | I29: =H29+I27 -> 185714.33
B31: =ORCAMENTO!B17 -> ANANINDEUA(PA), 15 DE MAIO DE 2025
B33: =ORCAMENTO!B21 -> RIOL - Serviços de Construções LTDA.
B34: =ORCAMENTO!B22 -> CNPJ: 09.335.585/0001-75

Sheet QUANTIDADES
A2: Obra
A3: =ORCAMENTO!A3 -> AMPLIAÇÃO DA EMEIF "NOSSA SENHORA DE LOURDES"
A4: Memória de Cálculo - Aditivo de Serviços
A5: Item | B5: Descrição | C5: Und | D5: Quant.
A6: 1 | B6: REFORMA PRÉDIO EXISTENTE
A7: 1.4 | B7: ADMINISTRAÇÃO LOCAL | C7: MÊS | D7: 1
A8: 1.5 | B8: Mobilização e Desmobilização de pessoal e equipamentos | C8: UN | D8: 0.17
A9: 2 | B9: FUNDAÇÕES
A10: 2.1 | B10: ESTACA ESCAVADA MECANICAMENTE, SEM FLUIDO ESTABILIZANTE, COM 25CM DE DIÂMETRO, CONCRETO LANÇADO MANUALMENTE (EXCLUSIVE MOBILIZAÇÃO E DESMOBILIZAÇÃO). AF_01/2020 | C10: M | D10: 72
A11: 2.2 | B11: (COMPOSIÇÃO REPRESENTATIVA) EXECUÇÃO DE ESTRUTURAS DE CONCRETO ARMADO, PARA EDIFICAÇÃO HABITACIONAL UNIFAMILIAR TÉRREA (CASA ISOLADA), FCK = 25 MPA. AF_01/2017 | C11: m³ | D11: 11.12
A12: 3 | B12: ESTRUTURA
A13: 3.1 | B13: (COMPOSIÇÃO REPRESENTATIVA) EXECUÇÃO DE ESTRUTURAS DE CONCRETO ARMADO, PARA EDIFICAÇÃO HABITACIONAL UNIFAMILIAR TÉRREA (CASA ISOLADA), FCK = 25 MPA. AF_01/2017 | C13: m³ | D13: 3.25
A14: 3.2 | B14: LAJE PRÉ-MOLDADA UNIDIRECIONAL, BIAPOIADA, PARA PISO, ENCHIMENTO EM CERÂMICA, VIGOTA CONVENCIONAL, ALTURA TOTAL DA LAJE (ENCHIMENTO+CAPA) = (8+4). AF_11/2020 | C14: m² | D14: 16.8
A15: 4 | B15: PAREDES
A16: 4.1 | B16: ALVENARIA DE VEDAÇÃO DE BLOCOS CERÂMICOS FURADOS NA HORIZONTAL DE 11,5X19X19CM (ESPESSURA 11,5M) DE PAREDES COM ÁREA LÍQUIDA MAIOR OU IGUAL A 6M² SEM VÃOS E ARGAMASSA DE ASSENTAMENTO COM PREPARO EM BETONEIRA. AF_06/2014 | C16: m² | D16: 65
A17: 4.2 | B17: VERGA/ONTRAVERGA MOLDADA IN LOCO EM CONCRETO PARA JANELAS COM ATÉ 1,5 M DE VÃO. AF_03/2016 | C17: M | D17: 1.2
A18: 5 | B18: COBERTURA
A19: 5.1 | B19: TRAMA DE MADEIRA COMPOSTA POR RIPAS, CAIBROS E TERÇAS PARA TELHADOS DE ATÉ 2 ÁGUAS PARA TELHA CERÂMICA CAPA-CANAL, INCLUSO TRANSPORTE VERTICAL. AF_07/2019 | C19: m² | D19: 72.18
A20: 5.2 | B20: TELHAMENTO COM TELHA CERÂMICA CAPA-CANAL, TIPO PLAN, COM MAIS DE 2 ÁGUAS, INCLUSO TRANSPORTE VERTICAL. AF_07/2019 | C20: m² | D20: 72.18
A21: 5.3 | B21: CUMEEIRA E ESPIGÃO PARA TELHA CERÂMICA EMBOÇADA COM ARGAMASSA TRAÇO 1:2:9 (CIMENTO, CAL E AREIA), PARA TELHADOS COM MAIS DE 2 ÁGUAS, INCLUSO TRANSPORTE VERTICAL. AF_07/2019 | C21: M | D21: 6
A22: 5.4 | B22: TABEIRA DE MADEIRA LEI, 1A QUALIDADE, 2,5X30,0CM PARA BEIRAL DE TELHADO | C22: M | D22: 12
A23: 6 | B23: ESQUADRIAS
A24: 6.1 | B24: MADEIRA
A25: 6.1.1 | B25: KIT DE PORTA DE MADEIRA FRISADA, SEMI-OCA (LEVE OU MÉDIA), PADRÃO MÉDIO, 80X210CM, ESPESSURA DE 3,5CM, ITENS INCLUSOS: DOBRADIÇAS, MONTAGEM E INSTALAÇÃO DE BATENTE, FECHADURA COM EXECUÇÃO DO FURO - FORNECIMENTO E INSTALAÇÃO. AF_12/2019 | C25: UN | D25: 1
A26: 7 | B26: INSTALAÇÕES ELÉTRICAS
A27: 7.1 | B27: CABOS E FIOS
A28: 7.1.1 | B28: CABO DE COBRE FLEXÍVEL ISOLADO, 4 MM², ANTI-CHAMA 450/750 V, PARA CIRCUITOS TERMINAIS - FORNECIMENTO E INSTALAÇÃO. AF_12/2015 | C28: M | D28: 200
A29: 7.2 | B29: PONTOS DE ILUMINAÇÃO E FORÇA
A30: 7.2.1 | B30: PONTO DE ILUMINAÇÃO RESIDENCIAL INCLUINDO INTERRUPTOR SIMPLES, CAIXA ELÉTRICA, ELETRODUTO, CABO, RASGO, QUEBRA E CHUMBAMENTO (EXCLUINDO LUMINÁRIA E LÂMPADA). AF_01/2016 | C30: UN | D30: 6
A31: 7.2.2 | B31: PONTO DE TOMADA RESIDENCIAL INCLUINDO TOMADA 10A/250V, CAIXA ELÉTRICA, ELETRODUTO, CABO, RASGO, QUEBRA E CHUMBAMENTO. AF_01/2016 | C31: UN | D31: 12
A32: 7.2.3 | B32: LUMINÁRIA TIPO PLAFON CIRCULAR, DE SOBREPOR, COM LED DE 12/13 W - FORNECIMENTO E INSTALAÇÃO. AF_03/2022 | C32: UN | D32: 6
A33: 8 | B33: REVESTIMENTO PAREDE/TETO
A34: 8.1 | B34: CHAPISCO APLICADO EM ALVENARIA (COM PRESENÇA DE VÃOS) E ESTRUTURAS DE CONCRETO DE FACHADA, COM COLHER DE PEDREIRO. ARGAMASSA TRAÇO 1:3 COM PREPARO EM BETONEIRA 400L. AF_06/2014 | C34: m² | D34: 130
A35: 8.2 | B35: MASSA ÚNICA, PARA RECEBIMENTO DE PINTURA, EM ARGAMASSA TRAÇO 1:2:8, PREPARO MANUAL, APLICADA MANUALMENTE EM FACES INTERNAS DE PAREDES, ESPESSURA DE 10MM, COM EXECUÇÃO DE TALISCAS. AF_06/2014 | C35: m² | D35: 130
A36: 9 | B36: PISO
A37: 9.1 | B37: CONTRAPISO COM ARGAMASSA AUTONIVELANTE, APLICADO SOBRE LAJE, ADERIDO, ESPESSURA 3CM. AF_07/2021 | C37: m² | D37: 72.18
A38: 9.2 | B38: REVESTIMENTO CERÂMICO PARA PISO COM PLACAS TIPO ESMALTADA EXTRA DE DIMENSÕES 45X45 CM APLICADA EM AMBIENTES DE ÁREA MAIOR QUE 10 M2. AF_06/2014 | C38: m² | D38: 72.18
A39: 9.3 | B39: SOLEIRA EM GRANITO, LARGURA 15 CM, ESPESSURA 2,0 CM. AF_09/2020 | C39: M | D39: 12
A40: 10 | B40: PINTURA
A41: 10.1 | B41: APLICAÇÃO DE FUNDO SELADOR ACRÍLICO EM PAREDES, UMA DEMÃO. AF_06/2014 | C41: m² | D41: 130
A42: 10.2 | B42: APLICAÇÃO MANUAL DE MASSA ACRÍLICA EM SUPERFÍCIES INTERNAS DE SACADA DE EDIFÍCIOS DE MÚLTIPLOS PAVIMENTOS, UMA DEMÃO. AF_05/2017 | C42: m² | D42: 1164.02
A43: 10.3 | B43: APLICAÇÃO MANUAL DE PINTURA COM TINTA LÁTEX ACRÍLICA EM PAREDES, DUAS DEMÃOS. AF_06/2014 | C43: m² | D43: 130
A44: 10.4 | B44: PINTURA FUNDO NIVELADOR ALQUÍDICO BRANCO EM MADEIRA. AF_01/2021 | C44: m² | D44: 6
A45: 10.5 | B45: APLICAÇÃO MASSA ALQUÍDICA PARA MADEIRA, PARA PINTURA COM TINTA DE ACABAMENTO (PIGMENTADA). AF_01/2021 | C45: m² | D45: 6
A46: 10.6 | B46: PINTURA TINTA DE ACABAMENTO (PIGMENTADA) ESMALTE SINTÉTICO BRILHANTE EM MADEIRA, 2 DEMÃOS. AF_01/2021 | C46: m² | D46: 6
B48: Total sem BDI | C48: =ORCAMENTO!E17 -> 144173.24
B49: Total do BDI | C49: =ORCAMENTO!E18 -> 41541.09
B50: Total Geral | C50: =ORCAMENTO!E19 -> 185714.33
B52: =ORCAMENTO!B17 -> ANANINDEUA(PA), 15 DE MAIO DE 2025
B54: =ORCAMENTO!B21 -> RIOL - Serviços de Construções LTDA.
B55: =ORCAMENTO!B22 -> CNPJ: 09.335.585/0001-75

Sheet ENCARGOS
A2: ENCARGOS SOCIAIS SOBRE MÃO DE OBRA
A4: OBRA | B4: AMP. DA EMEIF "NOSSA SRA DE LOURDES" | C4: COM DESONERAÇÃO
A5: CÓDIGO | B5: DESCRIÇÃO | C5: HORISTA % | E5: MENSALISTA
A7: GRUPO A
A8: A1 | B8: INSS | C8: 0 | E8: =C8 -> 0
A9: A2 | B9: SESI | C9: 0.015 | E9: =C9 -> 0.015
A10: A3 | B10: SENAI | C10: 0.01 | E10: =C10 -> 0.01
A11: A4 | B11: INCRA | C11: 0.002 | E11: =C11 -> 0.002
A12: A5 | B12: SEBRAE | C12: 0.006 | E12: =C12 -> 0.006
A13: A6 | B13: Salário Educação | C13: 0.025 | E13: =C13 -> 0.025
A14: A7 | B14: Seguro Contra Acidentes de Trabalho | C14: 0.03 | E14: =C14 -> 0.03
A15: A8 | B15: FGTS | C15: 0.08 | E15: =C15 -> 0.08
A16: A9 | B16: SECONCI | C16: 0 | E16: =C16 -> 0
A17: A | B17: TOTAL | C17: =SUM(C8:D16) -> 0.168 | E17: =SUM(E8:F16) -> 0.168
A19: GRUPO B
A20: B1 | B20: Repouso Semanal Remunerado | C20: 0.1811 | E20: Não incide
A21: B2 | B21: Feriados | C21: 0.0415 | E21: Não Incide
A22: B3 | B22: Auxilio - Enfermidade | C22: 0.0089 | E22: 0.0067
A23: B4 | B23: 13º Salário | C23: 0.1098 | E23: 0.0833
A24: B5 | B24: Licença Paternidade | C24: 0.0007 | E24: 0.0006
A25: B6 | B25: Faltas Justificadas | C25: 0.0073 | E25: 0.0056
A26: B7 | B26: Dias de Chuva | C26: 0.0268 | E26: Não incide
A27: B8 | B27: Auxílio Acidentes de Trabalho | C27: 0.0011 | E27: 0.0008
A28: B9 | B28: Férias Gozadas | C28: 0.0927 | E28: 0.0703
A29: B10 | B29: Salário maternidade | C29: 0.0003 | E29: =C29 -> 0.0003
A30: B | B30: TOTAL | C30: =SUM(C20:D29) -> 0.4702 | E30: =SUM(E20:F29) -> 0.1676
A32: GRUPO C
A33: C1 | B33: Avíso Prevéo Indenizado | C33: 0.0569 | E33: 0.0432
A34: C2 | B34: Avíso préveo trabalhado | C34: 0.0013 | E34: 0.001
A35: C3 | B35: Férias Indenizadas | C35: 0.0447 | E35: 0.0339
A36: C4 | B36: Depósito rescizão Sem Justa Causa | C36: 0.0393 | E36: 0.0298
A37: C5 | B37: Indenização Adicional | C37: 0.0048 | E37: 0.0036
A38: C | B38: TOTAL | C38: =SUM(C33:D37) -> 0.147 | E38: =SUM(E33:F37) -> 0.1115
A40: GRUPO D
A41: D1 | B41: Reincidência de Grupo A sobre Grupo B | C41: 0.079 | E41: 0.0282
A42: D2 | B42: Reincidência de Grupo A sobre Avíso Prévio Trabalhado e Reincidência Sobre do FGTS sobre Avíso Prévio Indenizado | C42: 0.0048 | E42: 0.0036
A43: D | B43: TOTAL | C43: =SUM(C41:D42) -> 0.0838 | E43: =SUM(E41:F42) -> 0.0318
B45: TOTAL (A + B + C + D) | C45: =C30+C38+C43+C17 -> 0.869 | E45: =E30+E38+E43+E17 -> 0.4789
B47: =ORCAMENTO!B17 -> ANANINDEUA(PA), 15 DE MAIO DE 2025
B49: =ORCAMENTO!B21 -> RIOL - Serviços de Construções LTDA.
B50: =ORCAMENTO!B22 -> CNPJ: 09.335.585/0001-75

Sheet BDI
S1: ALTERNATIVAS | U1: SELECIONADO | V1: 1
S2: 1 | T2: COM DESONERAÇÃO
A3: OBRA: | B3: =ORCAMENTO!A3 -> AMPLIAÇÃO DA EMEIF "NOSSA SENHORA DE LOURDES" | S3: 2 | T3: SEM DESONERAÇÃO
N5: LIMITES DE BDI | S5: OBRA TIPO | U5: SELECIONADO | V5: 1
B6: Declaro, para os devidos fins, que a alternativa de incidência da contribuição previdênciária | M6: OBRA TIPO | N6: Alternativa | Q6: =V1 -> 1 | S6: 1 | T6: Construção de edifícios. | V6: 1
A7: sobre folha de pagamento para a planilha orçamentária do presente Projeto Básico de Engenharia foi | O7: 1º Quartil | P7: Médio | Q7: 2º Quartil | S7: 2 | T7: Construção de rodovias e ferrovias.
B8: =IF(AND(V1<>1,V1<>2),"SELECT OPT",IF(V1=1,"COM DESONERAÇÃO",IF(V1=2,"SEM DESONERAÇÃO","SELECT OPT"))) -> COM DESONERAÇÃO | D8: , pois tornou-se a mais vantajosa para esta Adminisção Pública, | N8: 1 | O8: =IF($V$1=1,((((((20.34/100)+1)*(1-(5.15/100)))/(1-(9.65/100)))-1)*100),IF($V$1=2,20.34,"SELECT OPT")) -> 26.333691 | P8: =IF($V$1=1,((((((22.12/100)+1)*(1-(6.65/100)))/(1-(11.15/100)))-1)*100),IF($V$1=2,22.12,"SELECT OPT")) -> 28.305031 | Q8: =IF($V$1=1,((((((25/100)+1)*(1-(8.65/100)))/(1-(13.15/100)))-1)*100),IF($V$1=2,25,"SELECT OPT")) -> 31.476684 | S8: 3 | T8: Saneamento básico.
A9: uma vez que a meta estipulada alcançou uma maior área a ser beneficiada. | N9: 2 | O9: =IF($V$1=1,((((((19.6/100)+1)*(1-(5.15/100)))/(1-(9.65/100)))-1)*100),IF($V$1=2,19.6,"SELECT OPT")) -> 25.556835 | P9: =IF($V$1=1,((((((20.97/100)+1)*(1-(6.65/100)))/(1-(11.15/100)))-1)*100),IF($V$1=2,20.97,"SELECT OPT")) -> 27.096787 | Q9: =IF($V$1=1,((((((24.23/100)+1)*(1-(8.65/100)))/(1-(13.15/100)))-1)*100),IF($V$1=2,24.23,"SELECT OPT")) -> 30.666788 | S9: 4 | T9: Estações e redes de energia.
N10: 3 | O10: =IF($V$1=1,((((((20.76/100)+1)*(1-(5.15/100)))/(1-(9.65/100)))-1)*100),IF($V$1=2,20.76,"SELECT OPT")) -> 26.77461 | P10: =IF($V$1=1,((((((24.18/100)+1)*(1-(6.65/100)))/(1-(11.15/100)))-1)*100),IF($V$1=2,24.18,"SELECT OPT")) -> 30.469364 | Q10: =IF($V$1=1,((((((26.44/100)+1)*(1-(8.65/100)))/(1-(13.15/100)))-1)*100),IF($V$1=2,26.44,"SELECT OPT")) -> 32.991295 | S10: 5 | T10: Obras portuárias, marítmas e fluviais.
B11: Em ambas planilhas orçamentárias, no cálculo do BDI adotado, foram utilizados os | N11: 4 | O11: =IF($V$1=1,((((((24/100)+1)*(1-(5.15/100)))/(1-(9.65/100)))-1)*100),IF($V$1=2,24,"SELECT OPT")) -> 30.175982 | P11: =IF($V$1=1,((((((25.84/100)+1)*(1-(6.65/100)))/(1-(11.15/100)))-1)*100),IF($V$1=2,25.84,"SELECT OPT")) -> 32.213438 | Q11: =IF($V$1=1,((((((27.86/100)+1)*(1-(8.65/100)))/(1-(13.15/100)))-1)*100),IF($V$1=2,27.86,"SELECT OPT")) -> 34.48487 | S11: 6 | T11: Fornecimento de materiais e equipamentos.
A12: mesmos valores de seus componentes e, ainda, declaro que os percentuais relativos aos impostos | N12: 5 | O12: =IF($V$1=1,((((((22.8/100)+1)*(1-(5.15/100)))/(1-(9.65/100)))-1)*100),IF($V$1=2,22.8,"SELECT OPT")) -> 28.916215 | P12: =IF($V$1=1,((((((27.48/100)+1)*(1-(6.65/100)))/(1-(11.15/100)))-1)*100),IF($V$1=2,27.48,"SELECT OPT")) -> 33.9365 | Q12: =IF($V$1=1,((((((30.95/100)+1)*(1-(8.65/100)))/(1-(13.15/100)))-1)*100),IF($V$1=2,30.95,"SELECT OPT")) -> 37.734974
A13: estão de acordo com o que emanam as leis pertinentes. | N13: 6 | O13: =IF($V$1=1,((((((11.1/100)+1)*(1-(3.65/100)))/(1-(8.15/100)))-1)*100),IF($V$1=2,11.1,"SELECT OPT")) -> 16.543114 | P13: =IF($V$1=1,((((((14.02/100)+1)*(1-(3.65/100)))/(1-(8.15/100)))-1)*100),IF($V$1=2,14.02,"SELECT OPT")) -> 19.606173 | Q13: =IF($V$1=1,((((((16.8/100)+1)*(1-(3.65/100)))/(1-(8.15/100)))-1)*100),IF($V$1=2,16.8,"SELECT OPT")) -> 22.522373
N14: SELECIONADO | O14: =VLOOKUP($V$5,$N$8:$Q$13,2,0) -> 26.333691 | P14: =VLOOKUP($V$5,$N$8:$Q$13,3,0) -> 28.305031 | Q14: =VLOOKUP($V$5,$N$8:$Q$13,4,0) -> 31.476684
B15: Para fins de verificação do BDI em relação aos limites definidos no Acórdão 2.622/2013
A16: do Plenário do TCU, a obra foi enquadrada como: | O16: =
C18: =IF(AND($V$5<>1,$V$5<>2,$V$5<>3,$V$5<>4,$V$5<>5,$V$5<>6),"SELECT OPT",IF($V$5=1,$T$6,IF($V$5=2,$T$7,IF($V$5=3,$T$8,IF($V$5=4,$T$9,IF($V$5=5,$T$10,IF($V$5=6,$T$11,"SELECT OPT"))))))) -> Construção de edifícios.
B20: Ademais, informo que o percentual de BDI adotado foi obtido a partir da fórmula abaixo,
A21: seguida do memorial de cálculo do índice.
A25: DESCRIÇÃO | E25: VALORES DE REFERÊNCIA | K25: BDI ADOTADO
E26: 1º Quartil | G26: Médio | I26: 2º Quartil
A27: Administração Central | D27: (AC) | E27: =IF(AND($V$5<>1,$V$5<>2,$V$5<>3,$V$5<>4,$V$5<>5,$V$5<>6),"SELECT OPT",IF($V$5=1,3,IF($V$5=2,3.8,IF($V$5=3,3.43,IF($V$5=4,5.29,IF($V$5=5,4,IF($V$5=6,1.5,"SELECT OPT"))))))) -> 3 | G27: =IF(AND($V$5<>1,$V$5<>2,$V$5<>3,$V$5<>4,$V$5<>5,$V$5<>6),"SELECT OPT",IF($V$5=1,4,IF($V$5=2,4.01,IF($V$5=3,4.93,IF($V$5=4,5.92,IF($V$5=5,5.52,IF($V$5=6,3.45,"SELECT OPT"))))))) -> 4 | I27: =IF(AND($V$5<>1,$V$5<>2,$V$5<>3,$V$5<>4,$V$5<>5,$V$5<>6),"SELECT OPT",IF($V$5=1,5.5,IF($V$5=2,4.67,IF($V$5=3,6.71,IF($V$5=4,7.93,IF($V$5=5,7.85,IF($V$5=6,4.49,"SELECT OPT"))))))) -> 5.5 | K27: 3
A28: Seguro e Garantia (*) | D28: (S e G) | E28: 0.8 | G28: =IF(AND($V$5<>1,$V$5<>2,$V$5<>3,$V$5<>4,$V$5<>5,$V$5<>6),"SELECT OPT",IF($V$5=1,0.8,IF($V$5=2,0.4,IF($V$5=3,0.49,IF($V$5=4,0.51,IF($V$5=5,1.22,IF($V$5=6,0.48,"SELECT OPT"))))))) -> 0.8 | I28: =IF(AND($V$5<>1,$V$5<>2,$V$5<>3,$V$5<>4,$V$5<>5,$V$5<>6),"SELECT OPT",IF($V$5=1,1,IF($V$5=2,0.74,IF($V$5=3,0.75,IF($V$5=4,0.56,IF($V$5=5,1.99,IF($V$5=6,0.82,"SELECT OPT"))))))) -> 1 | K28: 0.8
A29: Risco | D29: (R) | E29: =IF(AND($V$5<>1,$V$5<>2,$V$5<>3,$V$5<>4,$V$5<>5,$V$5<>6),"SELECT OPT",IF($V$5=1,0.97,IF($V$5=2,0.5,IF($V$5=3,1,IF($V$5=4,1,IF($V$5=5,1.46,IF($V$5=6,0.56,"SELECT OPT"))))))) -> 0.97 | G29: =IF(AND($V$5<>1,$V$5<>2,$V$5<>3,$V$5<>4,$V$5<>5,$V$5<>6),"SELECT OPT",IF($V$5=1,1.27,IF($V$5=2,0.56,IF($V$5=3,1.39,IF($V$5=4,1.48,IF($V$5=5,2.32,IF($V$5=6,0.85,"SELECT OPT"))))))) -> 1.27 | I29: =IF(AND($V$5<>1,$V$5<>2,$V$5<>3,$V$5<>4,$V$5<>5,$V$5<>6),"SELECT OPT",IF($V$5=1,1.27,IF($V$5=2,0.97,IF($V$5=3,1.74,IF($V$5=4,1.97,IF($V$5=5,3.16,IF($V$5=6,0.89,"SELECT OPT"))))))) -> 1.27 | K29: 0.97
A30: Despesas Financeiras | D30: (DF) | E30: =IF(AND($V$5<>1,$V$5<>2,$V$5<>3,$V$5<>4,$V$5<>5,$V$5<>6),"SELECT OPT",IF($V$5=1,0.59,IF($V$5=2,1.02,IF($V$5=3,0.94,IF($V$5=4,1.01,IF($V$5=5,0.94,IF($V$5=6,0.85,"SELECT OPT"))))))) -> 0.59 | G30: =IF(AND($V$5<>1,$V$5<>2,$V$5<>3,$V$5<>4,$V$5<>5,$V$5<>6),"SELECT OPT",IF($V$5=1,1.23,IF($V$5=2,1.11,IF($V$5=3,0.99,IF($V$5=4,1.07,IF($V$5=5,1.02,IF($V$5=6,0.85,"SELECT OPT"))))))) -> 1.23 | I30: =IF(AND($V$5<>1,$V$5<>2,$V$5<>3,$V$5<>4,$V$5<>5,$V$5<>6),"SELECT OPT",IF($V$5=1,1.39,IF($V$5=2,1.21,IF($V$5=3,1.17,IF($V$5=4,1.11,IF($V$5=5,1.33,IF($V$5=6,1.11,"SELECT OPT"))))))) -> 1.39 | K30: 0.59
A31: Lucro | D31: (L) | E31: =IF(AND($V$5<>1,$V$5<>2,$V$5<>3,$V$5<>4,$V$5<>5,$V$5<>6),"SELECT OPT",IF($V$5=1,6.16,IF($V$5=2,6.64,IF($V$5=3,6.74,IF($V$5=4,8,IF($V$5=5,7.14,IF($V$5=6,3.5,"SELECT OPT"))))))) -> 6.16 | G31: =IF(AND($V$5<>1,$V$5<>2,$V$5<>3,$V$5<>4,$V$5<>5,$V$5<>6),"SELECT OPT",IF($V$5=1,7.4,IF($V$5=2,7.3,IF($V$5=3,8.04,IF($V$5=4,8.31,IF($V$5=5,8.4,IF($V$5=6,5.11,"SELECT OPT"))))))) -> 7.4 | I31: =IF(AND($V$5<>1,$V$5<>2,$V$5<>3,$V$5<>4,$V$5<>5,$V$5<>6),"SELECT OPT",IF($V$5=1,8.96,IF($V$5=2,8.69,IF($V$5=3,9.4,IF($V$5=4,9.51,IF($V$5=5,10.43,IF($V$5=6,6.22,"SELECT OPT"))))))) -> 8.96 | K31: 6.16
A32: TRIBUTOS | D32: (I) | E32: =SUM(E33:F36) -> 9.65 | G32: =SUM(G33:H36) -> 11.15 | I32: =SUM(I33:J36) -> 13.15 | K32: =ROUND(SUM(K33:L36),2) -> 13.15
A33: COFINS | E33: 3 | G33: 3 | I33: 3 | K33: 3
A34: PIS | E34: 0.65 | G34: 0.65 | I34: 0.65 | K34: 0.65
A35: ISSQN (**) | E35: =IF(AND($V$5<>1,$V$5<>2,$V$5<>3,$V$5<>4,$V$5<>5,$V$5<>6),"SELECT OPT",IF($V$5=1,1.5,IF($V$5=2,1.5,IF($V$5=3,1.5,IF($V$5=4,1.5,IF($V$5=5,1.5,IF($V$5=6,0,"SELECT OPT"))))))) -> 1.5 | G35: =IF(AND($V$5<>1,$V$5<>2,$V$5<>3,$V$5<>4,$V$5<>5,$V$5<>6),"SELECT OPT",IF($V$5=1,3,IF($V$5=2,3,IF($V$5=3,3,IF($V$5=4,3,IF($V$5=5,3,IF($V$5=6,0,"SELECT OPT"))))))) -> 3 | I35: =IF(AND($V$5<>1,$V$5<>2,$V$5<>3,$V$5<>4,$V$5<>5,$V$5<>6),"SELECT OPT",IF($V$5=1,5,IF($V$5=2,5,IF($V$5=3,5,IF($V$5=4,5,IF($V$5=5,5,IF($V$5=6,0,"SELECT OPT"))))))) -> 5 | K35: 5
A36: CPRF | E36: =IF(V1=1,4.5,IF(V1=2,0,"")) -> 4.5 | G36: =IF(V1=1,4.5,IF(V1=2,0,"")) -> 4.5 | I36: =IF(V1=1,4.5,IF(V1=2,0,"")) -> 4.5 | K36: 4.5
A37: TOTAL | E37: =IF(AND($V$5<>1,$V$5<>2,$V$5<>3,$V$5<>4,$V$5<>5,$V$5<>6),"SELECT OPT",$O$14) -> 26.333691 | G37: =IF(AND($V$5<>1,$V$5<>2,$V$5<>3,$V$5<>4,$V$5<>5,$V$5<>6),"SELECT OPT",$P$14) -> 28.305031 | I37: =IF(AND($V$5<>1,$V$5<>2,$V$5<>3,$V$5<>4,$V$5<>5,$V$5<>6),"SELECT OPT",$Q$14) -> 31.476684 | K37: =ROUND(((((1+K27/100+K28/100+K29/100)*(1+K30/100)*(1+K31/100))/(1-K32/100))-1)*100,2) -> 28.82
A39: Notas do modelo: | C39: (*) | D39: Pode haver garantia desde que previsto no Edital da licitação e no contrato de execução.
C40: (**) | D40: Podem ser aceitos outros percentuais de ISSQN desde que devidamente embasados na legislação municipal.
B42: =ORCAMENTO!B17 -> ANANINDEUA(PA), 15 DE MAIO DE 2025
B44: =ORCAMENTO!B21 -> RIOL - Serviços de Construções LTDA.
B45: =ORCAMENTO!B22 -> CNPJ: 09.335.585/0001-75
